 Dungeon Crawl Stone Soup version 0.30.1-4-g462c640d31 (webtiles) character file.

Game seed: 10129936722859259272

8008 Gorgoleon the Carver (level 11, -4/79 HPs)
             Began as a Merfolk Gladiator on Aug 13, 2023.
             Was a High Priest of Okawaru.
             Slain by Fannar
             ... wielding a +0 quarterstaff of freezing
              (18 damage)
             ... on level 10 of the Dungeon.
             The game lasted 00:41:47 (11038 turns).

Gorgoleon the Carver (Merfolk Gladiator)           Turns: 11038, Time: 00:41:47

Health: -4/79      AC: 12    Str: 14    XL:     11   Next: 24%
Magic:  14/14      EV: 16    Int:  7    God:    Okawaru [*****.]
Gold:   491        SH:  6    Dex: 21    Spells: 10/10 levels left

rFire   . . .        J - +3 scimitar
rCold   . . .        E - +0 buckler
rNeg    . . .        F - +0 acid dragon scales
rPois   .            c - +0 helmet
rElec   .            (no cloak)
rCorr   +            p - +2 pair of gloves
SInv    +            h - +0 pair of boots
Will    +....        (no amulet)
Stlth   +            v - ring of willpower
HPRegen 0.33/turn    k - ring of see invisible
MPRegen 0.14/turn

%: no passive effects
@: studying Translocations
A: (nimble swimmer 2), mertail
a: Renounce Religion, Heroism, Finesse, Duel


You were on level 10 of the Dungeon.
You worshipped Okawaru.
Okawaru was extremely pleased with you.
You visited 2 branches of the dungeon, and saw 11 of its levels.

You collected 491 gold pieces.

Inventory:

Hand Weapons
 I - a +0 great sword
 J - a +3 scimitar (weapon)
Missiles
 a - 14 silver boomerangs
 e - 10 javelins
 f - 38 poisoned darts
 i - 40 stones (quivered)
 o - 2 silver javelins
 r - 3 datura-tipped darts
 H - 4 boomerangs
 L - a boomerang of dispersal
Armour
 b - a +1 leather armour
 c - a +0 helmet (worn)
 h - a +0 pair of boots (worn)
 p - a +2 pair of gloves (worn)
 E - a +0 buckler (worn)
 F - +0 acid dragon scales (worn)
Jewellery
 k - a ring of see invisible (right hand)
 l - a ring of magical power
 q - a ring of protection from cold
 u - an amulet of guardian spirit
 v - a ring of willpower (left hand)
 G - a ring of wizardry
 M - a +6 ring of intelligence
Wands
 x - a wand of polymorph (7)
 y - a wand of light (7)
 z - a wand of flame (13)
 C - a wand of roots (11)
Scrolls
 g - 4 scrolls of enchant armour
 m - 7 scrolls of identify
 A - a scroll of blinking
 D - 3 scrolls of teleportation
 K - a scroll of fear
 N - 2 scrolls of enchant weapon
Potions
 j - a potion of curing
 n - 5 potions of attraction
 s - 2 potions of cancellation
 t - 2 potions of flight
 w - a potion of brilliance
 B - a potion of haste


   Skills:
 - Level 5.0 Fighting
 - Level 14.0 Long Blades
 * Level 4.7 Throwing
 - Level 4.0 Armour
 - Level 8.0 Dodging
 * Level 4.8 Shields
 * Level 5.2 Invocations
 - Level 4.0 Evocations


You had 10 spell levels left.
You didn't know any spells.
Your spell library contained the following spells:

 Spells                   Type           Power      Damage    Failure   Level
 Kiss of Death            Conj/Necr      0%         2d5       65%         1
 Sandblast                Erth           0%         2d4       65%         1
 Passwall                 Tmut/Erth      0%         N/A       78%         2
 Confusing Touch          Hex            0%         N/A       95%         3
 Portal Projectile        Hex/Tloc       0%         N/A       95%         3
 Stone Arrow              Conj/Erth      0%         3d7       95%         3
 Volatile Blastmotes      Fire/Tloc      0%         2d10      95%         3
 Anguish                  Hex/Necr       0%         N/A       100%        4
 Cause Fear               Hex            0%         N/A       100%        4
 Dispel Undead            Necr           0%         3d6       100%        4
 Fulminant Prism          Conj/Hex       0%         3d5       100%        4
 Iskenderun's Mystic Bla  Conj/Tloc      0%         2d3       100%        4
 Leda's Liquefaction      Hex/Erth       0%         N/A       100%        4
 Petrify                  Tmut/Erth      0%         N/A       100%        4
 Lee's Rapid Deconstruct  Erth           0%         3d4*      100%        5
 Metabolic Englaciation   Hex/Ice        0%         N/A       100%        5
 Statue Form              Tmut/Erth      0%         N/A       100%        6
 Enfeeble                 Hex            0%         N/A       100%        7
 Summon Small Mammal      Summ           Unusable   N/A       N/A         1
 Call Canine Familiar     Summ           Unusable   N/A       N/A         3
 Summon Guardian Golem    Hex/Summ       Unusable   N/A       N/A         3

Dungeon Overview and Level Annotations

Branches:
Dungeon (10/15)            Temple (1/1) D:5            Lair (0/5) D:9
    Orc: D:9-12

Altars:
Ashenzari
Cheibriados
Dithmenos
Elyvilon
Fedhas
Gozag
Hepliaklqana
Kikubaaqudgha
Makhleb
Nemelex Xobeh
Okawaru
Qazlal
Ru
Sif Muna
Trog
Uskayaw
Vehumet
Wu Jian
Xom
Yredelemnul
Zin
The Shining One

Shops:
D:5 :   D:10 [

Annotations:
D:10 Fannar


Innate Abilities, Weirdness & Mutations

((You are very nimble when in or above water. (Stealth+, EV+, Speed+++)))
Your lower body shifts to a powerful aquatic tail in water.


Message History

Fannar is moderately wounded.
Fannar closely misses you.
You slash Fannar!
Fannar is heavily wounded.
Fannar gestures at you while chanting. The bolt of cold misses you.
You slash Fannar!
Fannar is heavily wounded.
You closely miss Fannar.
Fannar is heavily wounded.
Fannar hits you with a +0 quarterstaff of freezing.
Fannar freezes you.
You miss Fannar.
Fannar is severely wounded.
You block Fannar's attack.
You miss Fannar.
Fannar is severely wounded.
You block Fannar's attack.
You hit Fannar.
Fannar is severely wounded.
You slash Fannar!
Fannar is severely wounded.
Fannar brushes some snowflakes from their robe.
Fannar points at you and mumbles some strange words.
The bolt of cold hits you!!
* * * LOW HITPOINT WARNING * * *
You barely miss Fannar.
Fannar is almost dead.
Fannar closely misses you.
You slash Fannar!
Fannar is almost dead.
You closely miss Fannar.
Fannar is almost dead.
You feel like a meek peon again. You block Fannar's attack.
You hit Fannar but do no damage.
Fannar is almost dead.
Fannar gestures wildly while chanting.
Fannar drains the heat from the surrounding environment!
You die...

#)##...##########
#)#8...8#.(.(...#
#)##...##.......#
#..#...##.......#######.
##.........(............
########........>......
####(##.........
#e##.........
#@##y.Y......
#####........ #.e......
......... .......
.....##


You could see Fannar (very poisoned).

Vanquished Creatures
  A komodo dragon (D:6)
  Maggie (D:8)
  3 hornets
  2 trolls
  2 shadows
  2 wyverns
  A wraith (D:5)
  8 yaks
  3 orc warriors
  An ice beast (D:5)
  A sky beast (D:7)
  6 black bears
  3 ogres
  4 centaurs
  2 phantoms
  4 kobold brigands
  3 bullfrogs
  A gnoll sergeant (D:9)
  2 scorpions
  9 wights
  12 killer bees
  6 howler monkeys
  3 jellies
  3 orc priests
  3 hounds
  3 sleepcaps
  5 iguanas
  A gnoll bouda (D:5)
  9 orc wizards
  Terence (D:2)
  Robin (D:3)
  5 adders
  8 gnolls
  A shadow imp (D:6)
  A white imp (D:5)
  A worm (D:2)
  4 dart slugs
  26 orcs
  10 ball pythons
  9 endoplasms
  7 giant cockroaches
  10 goblins
  11 hobgoblins
  3 jackals
  23 kobolds
  A bat (D:3)
  2 frilled lizards
  A rat (D:2)
  A spectral orc (D:7)
230 creatures vanquished.

Notes
Turn   | Place    | Note
-------+----------+-------------------------------------------
     0 | D:1      | Gorgoleon the Merfolk Gladiator began the quest for the
                  | Orb.
     0 | D:1      | Reached XP level 1. HP: 16/16 MP: 1/1
    59 | D:1      | Reached skill level 4 in Long Blades
    59 | D:1      | Reached XP level 2. HP: 23/23 MP: 2/2
   521 | D:1      | Reached XP level 3. HP: 28/28 MP: 3/3
   754 | D:2      | Reached skill level 5 in Long Blades
   888 | D:2      | You fall into a shaft and drop 2 floors!
   947 | D:3      | Noticed Robin
   954 | D:3      | Reached XP level 4. HP: 27/34 MP: 4/4
   964 | D:3      | Killed Robin
  1164 | D:2      | Reached skill level 6 in Long Blades
  1426 | D:2      | Noticed Terence
  1435 | D:2      | Killed Terence
  1436 | D:2      | Reached XP level 5. HP: 17/41 MP: 5/5
  2433 | D:4      | Identified a scroll of acquirement
  2433 | D:4      | Acquired a manual of Translocations
  2468 | D:4      | Noticed an ogre
  2485 | D:4      | Killed an ogre
  2486 | D:4      | Reached skill level 7 in Long Blades
  2486 | D:4      | Reached XP level 6. HP: 47/47 MP: 6/6
  2651 | D:4      | Noticed a black bear
  2662 | D:4      | Killed a black bear
  2663 | D:4      | Reached skill level 8 in Long Blades
  2900 | D:5      | Entered Level 5 of the Dungeon
  3184 | D:5      | Found a staircase to the Ecumenical Temple.
  3190 | Temple   | Entered the Ecumenical Temple
  3190 | Temple   | Found a transporter.
  3190 | Temple   | Found a transporter.
  3192 | Temple   | Found a transporter.
  3192 | Temple   | Found a transporter.
  3211 | Temple   | Became a worshipper of Warmaster Okawaru
  3319 | D:5      | Found Ecacicu Paja's Book Shop.
  3350 | D:5      | Reached skill level 9 in Long Blades
  3350 | D:5      | Reached XP level 7. HP: 44/52 MP: 7/7
  3920 | D:5      | Reached skill level 1 in Armour
  3920 | D:5      | Reached skill level 1 in Invocations
  3920 | D:5      | Reached skill level 1 in Evocations
  4028 | D:5      | Noticed a shadow
  4038 | D:5      | Killed a shadow
  4038 | D:5      | Reached * piety under Okawaru
  4038 | D:5      | Noticed a wraith
  4039 | D:5      | Reached skill level 10 in Long Blades
  4039 | D:5      | Reached XP level 8. HP: 22/58 MP: 7/9
  4458 | D:5      | Killed a wraith
  4797 | D:5      | Reached skill level 5 in Dodging
  4954 | D:6      | Found an opulent altar of Gozag.
  4954 | D:6      | Found a basalt altar of Yredelemnul.
  4954 | D:6      | Found a glowing silver altar of Zin.
  4960 | D:6      | Reached skill level 11 in Long Blades
  5004 | D:6      | Reached ** piety under Okawaru
  5322 | D:6      | Noticed a komodo dragon
  5336 | D:6      | Killed a komodo dragon
  5337 | D:6      | Reached skill level 12 in Long Blades
  5337 | D:6      | Reached XP level 9. HP: 20/63 MP: 10/10
  5549 | D:6      | Found a shimmering altar of Xom.
  6058 | D:7      | Reached skill level 13 in Long Blades
  6717 | D:7      | Reached *** piety under Okawaru
  6962 | D:7      | Found a hazy altar of Hepliaklqana.
  7450 | D:7      | Reached skill level 14 in Long Blades
  7560 | D:8      | Reached XP level 10. HP: 57/71 MP: 12/12
  7598 | D:8      | Noticed Maggie
  8015 | D:8      | Killed Maggie
  8262 | D:7      | Reached **** piety under Okawaru
  8775 | D:8      | Reached skill level 5 in Fighting
  8780 | D:8      | Reached skill level 1 in Shields
  9180 | D:9      | Paralysed by a hornet for 3 turns
  9194 | D:8      | Paralysed by a hornet for 1 turns
  9866 | D:9      | Found a staircase to the Lair.
  9926 | D:9      | Reached ***** piety under Okawaru
 10217 | D:10     | Entered Level 10 of the Dungeon
 10410 | D:10     | Reached XP level 11. HP: 79/79 MP: 14/14
 10510 | D:10     | Found Eduata's Armour Shop.
 10623 | D:9      | Reached skill level 5 in Invocations
 10992 | D:10     | Noticed Fannar
 11003 | D:10     | Paralysed by a hornet for 1 turns
 11038 | D:10     | Slain by Fannar

Illustrated notes

Levels and vault maps discovered:
D:1:      dpeg_arrival_windows_large_door, layout_rooms
D:2:      layout_rooms, uniq_terence
D:3:      layout_basic, uniq_robin
D:4:      layout_rooms, due_unseen_surprise
D:5:      layout_basic, temple_green, serial_shops, shop, minmay_small_thing
D:6:      layout_rooms, grunt_temple_overflow_cloverleaf, columned_hall_lemuel
D:7:      layout_rooms, nicolae_hepliaklqana_monster_ancestors
D:8:      layout_cave_pools, uniq_maggie
D:9:      layout_roguey, lair_entry_dummy, minmay_unpleasant_kobolds
D:10:     layout_basic, serial_corexii_hall, corexii_hall_statues_t,
          corexii_hall_statues_s, corexii_hall_statues_i,
          chequers_hall_statues_wall_a, chequers_hall_statues_corner_a,
          corexii_hall_statues_deadend, nicolae_stop_n_shop_1,
          minmay_fractal_squares_5, uniq_fannar
Temple:   hellmonk_temple_divided_pantheon

Skill      XL: |  1  2  3  4  5  6  7  8  9 10 11 |
---------------+----------------------------------+-----
Long Blades    | 4 5 6 7 9 10 12 14 | 14.0
Fighting       | 3 4 5 |  5.0
Armour         | 1 2 4 |  4.0
Invocations    | 1 2 4 5 |  5.2
Evocations     | 1 2 4 |  4.0
Dodging        | 5 6 8 |  8.0
Throwing       | 4 |  4.7
Shields        | 3 4 |  4.8

Action                     |  1- 3 |  4- 6 |  7- 9 | 10-12 || total
---------------------------+-------+-------+-------+-------++-------
  Melee: Long sword        |    94 |   130 |   359 |   232 ||   815
         Punch             |       |     1 |     5 |     1 ||     7
         Scimitar          |       |       |       |   173 ||   173
  Throw: Dart              |       |     9 |     9 |    10 ||    28
         Throwing net      |       |     3 |     2 |     1 ||     6
         Stone             |       |     9 |    25 |     9 ||    43
         Javelin           |       |       |       |     3 ||     3
 Invoke: Heroism           |       |       |     1 |     1 ||     2
    Use: Potion            |       |     1 |     8 |     3 ||    12
         Scroll            |       |     7 |     6 |     5 ||    18
   Stab: Sleeping          |     1 |       |       |       ||     1
         Held in net/web   |       |     1 |     1 |       ||     2
         Distracted        |       |       |     1 |       ||     1
 Armour: Leather armour    |    22 |    28 |    88 |    21 ||   159
         Skin              |       |    25 |    25 |       ||    50
         Acid dragon scale |       |       |       |    86 ||    86
  Dodge: Dodged            |    50 |    71 |   212 |   259 ||   592
  Block: Buckler           |       |       |       |    73 ||    73
